Map: Oxide LE

Players

Yoyo - Winner!

  • Race: Zerg Zerg
  • League: Grandmaster

iloveoof

  • Race: Terran Terran
  • League: Grandmaster

VOD

Have the link to the VOD?

Description

Time

  • Played on: May 8, 2021, 8:38 p.m.
  • Length: 9:07
Show
View Real Time Build Order
Export as new Build Order

Yoyo Zerg - Winner!

Build Orders: Hatch First 

Get SALT Encoding   

  12  0:00  Drone  
  13  0:12  Overlord  
  13  0:16  Drone  
  14  0:30  Drone x2  
  16  0:47  Hatchery  
  15  0:52  Drone  
  15  0:54  Drone  
  17  0:57  Drone  
  18  1:08  Extractor  
  17  1:12  Spawning Pool  
  17  1:16  Drone  
  17  1:19  Drone  
  18  1:27  Drone  
  19  1:38  Drone  
  20  1:48  Drone  
  21  2:00  Queen x2  
  21  2:01  Zergling x4  
  27  2:10  Overlord  
  27  2:11  Drone  
  28  2:20  Hatchery  
  28  2:22  Drone  
  28  2:29  Drone  
  29  2:33  Drone  
  29  2:34  Drone  
  30  2:43  Queen  
  32  2:44  Overlord  
  32  2:46  Drone  
  32  2:49  Metabolic Boost  
  33  2:54  Drone x2  
  35  3:07  Drone x2  
  35  3:11  Queen  
  35  3:12  Overlord  
  39  3:13  Drone  
  39  3:18  Drone x2  
  42  3:27  Drone  
  42  3:29  Queen  
  42  3:31  Drone x3  
  48  3:34  Queen  
  48  3:39  Overlord  
  48  3:40  Drone x2  
  52  3:44  Zergling x4  
  54  3:53  Zergling x4  
  54  3:55  Drone  
  57  3:58  Overlord  
  57  4:01  Zergling x8  
  61  4:06  Drone x2  
  61  4:08  Queen  
  65  4:15  Queen  
  65  4:16  Overlord x2  
  67  4:19  Drone  
  66  4:27  Drone x6  
  72  4:37  Drone x2  
  74  4:41  Lair  
  74  4:42  Drone  
  75  4:45  Drone x2  
  75  4:46  Hatchery  
  75  4:51  Drone x4  
  78  4:53  Spore Crawler  
  78  4:54  Spore Crawler  
  78  4:56  Drone  
  78  4:59  Spore Crawler  
  76  5:03  Drone x4  
  76  5:05  Overlord  
  80  5:12  Extractor  
  80  5:14  Extractor  
  78  5:15  Overlord  
  78  5:21  Drone x4  
  78  5:23  Overlord  
  78  5:28  Baneling Nest, Extractor  
  81  5:29  Extractor  
  81  5:35  Drone x9  
  87  5:40  Overseer  
  87  5:44  Overlord  
  87  5:45  Drone x3  
  90  5:52  Roach Warren  
  90  5:54  Overlord  
  90  5:55  Evolution Chamber x2  
  88  5:59  Overlord x2  
  88  6:04  Zergling x10  
  93  6:06  Overseer  
  93  6:15  Overlord  
  93  6:22  Drone x7  
  93  6:23  Overlord x2  
  100  6:31  Glial Reconstitution  
  100  6:32  Zerg Missile Weapons Level 1, Zerg Ground Armor Level 1, Roach x3  
  108  6:33  Roach  
  108  6:38  Roach x3  
  114  6:47  Overlord x2  
  114  6:49  Roach x9  
  132  6:59  Roach  
  132  7:00  Roach x2  
  138  7:04  Roach x2  
  142  7:12  Overlord  
  142  7:20  Extractor  
  142  7:21  Drone x3  
  142  7:22  Infestation Pit, Hydralisk Den  
  143  7:23  Roach x3  
  143  7:26  Roach  
  143  7:28  Roach x10  
  170  7:37  Roach x2  
  170  7:41  Overlord  
  170  7:42  Overlord  
  170  7:44  Extractor x2  
  171  7:56  Roach x3  
  171  7:57  Roach x3  
  183  7:59  Overlord x6  
  183  8:05  Hatchery  
  182  8:13  Roach x7  
  182  8:19  Roach  
  193  8:20  Ravager  
  193  8:21  Ravager x5  
  198  8:39  Roach x5  
  193  8:46  Roach x5  
  193  8:47  Roach x5  
Show
View Real Time Build Order
Export as new Build Order

iloveoof Terran 

Build Orders: Reaper Expand, Hellion Banshee 

Get SALT Encoding   

  12  0:00  SCV  
  13  0:14  SCV  
  14  0:20  Supply Depot  
  14  0:26  SCV  
  15  0:41  SCV  
  15  0:42  Barracks  
  16  0:46  Refinery  
  16  0:56  SCV  
  17  1:08  SCV  
  18  1:20  SCV  
  19  1:30  Reaper  
  19  1:32  Orbital Command  
  20  1:43  Command Center  
  20  1:50  Supply Depot  
  20  1:57  SCV  
  21  2:02  Marine  
  22  2:11  Factory  
  22  2:13  SCV  
  23  2:23  Barracks Reactor  
  23  2:25  SCV  
  24  2:37  SCV  
  24  2:42  Command Center  
  25  2:49  SCV  
  26  2:55  Orbital Command  
  26  3:01  Starport  
  26  3:04  SCV  
  27  3:12  Refinery  
  27  3:16  SCV  
  27  3:18  Hellion  
  30  3:21  Hellion  
  30  3:26  SCV  
  33  3:28  SCV  
  33  3:30  Barracks Tech Lab  
  34  3:38  SCV  
  34  3:40  SCV  
  36  3:42  Hellion  
  36  3:43  Hellion  
  40  3:50  SCV  
  40  3:52  SCV  
  40  3:54  Orbital Command  
  42  4:01  Banshee, Cloaking Field  
  42  4:02  SCV  
  46  4:04  Barracks Tech Lab, SCV  
  46  4:09  Hellion x2  
  51  4:14  SCV  
  51  4:16  SCV  
  53  4:26  Marine, Stimpack, SCV  
  53  4:28  SCV  
  56  4:34  Supply Depot  
  56  4:35  SCV  
  56  4:37  Hellion x2  
  58  4:39  Barracks  
  58  4:44  SCV  
  60  4:50  Orbital Command  
  59  4:55  Banshee  
  59  4:56  Supply Depot  
  59  4:57  Marine  
  59  4:59  Supply Depot, SCV x2  
  65  5:02  Barracks  
  65  5:11  SCV  
  65  5:12  Engineering Bay x2, SCV  
  67  5:20  Marine  
  68  5:22  Factory Reactor, SCV  
  68  5:23  SCV  
  68  5:24  SCV  
  71  5:33  Barracks  
  71  5:34  SCV  
  72  5:36  Barracks  
  72  5:37  Command Center, Refinery, SCV  
  72  5:38  Refinery, SCV  
  74  5:47  SCV  
  74  5:48  Terran Infantry Armor Level 1, Terran Infantry Weapons Level 1  
  74  5:49  SCV  
  76  5:51  Marine  
  76  5:52  Marine  
  76  5:54  SCV  
  79  5:59  SCV  
  79  6:01  SCV  
  79  6:03  Starport Reactor  
  81  6:05  Supply Depot  
  81  6:06  Supply Depot, SCV  
  81  6:07  Marine x3  
  81  6:10  Supply Depot  
  85  6:13  Supply Depot  
  85  6:21  Barracks Reactor  
  85  6:23  Barracks Reactor  
  85  6:27  Marine x3, SCV x3  
  85  6:28  Siege Tank  
  85  6:30  Supply Depot  
  85  6:32  Supply Depot, Combat Shield  
  94  6:33  Refinery  
  94  6:36  Armory  
  94  6:39  SCV x2  
  96  6:40  SCV  
  96  6:43  Marine x2  
  96  6:44  Medivac  
  101  6:50  Marine  
  101  6:51  Marine x2, SCV x2  
  101  6:52  SCV  
  107  7:00  Marine x4  
  107  7:01  Marine x2  
  111  7:05  SCV x2  
  111  7:06  Medivac, Siege Tank  
  111  7:08  SCV  
  121  7:15  Supply Depot  
  121  7:16  Supply Depot  
  121  7:17  Bunker, SCV  
  121  7:20  SCV  
  121  7:21  Bunker, SCV  
  121  7:22  Bunker  
  124  7:24  Marine x2  
  124  7:25  Marine x3  
  129  7:31  SCV  
  129  7:33  Planetary Fortress, SCV  
  131  7:40  Refinery  
  131  7:41  SCV  
  131  7:43  SCV  
  133  7:44  Missile Turret x2  
  133  7:46  Missile Turret  
  133  7:49  Supply Depot  
  133  7:51  Supply Depot  
  133  7:52  Marine x3  
  133  7:53  Marine x3  
  133  7:58  Marine x3, Siege Tank  
  142  8:03  SCV x3  
  148  8:13  Factory, SCV  
  146  8:25  Marine x5, SCV x3  
  146  8:26  Marine x3  
  157  8:41  Marine  
  142  8:43  Marine x4  
  142  8:46  Marine x3  
  142  8:47  Marine, SCV x2  
  123  8:53  SCV x2  
  111  8:58  Factory Tech Lab  
Tags
 
Add a new tag
Caveats
  • Supply blocks, unpowered buildings, or Contaminate may cause inaccurate times.
  • Supply counts are checked every 10 seconds.